Map: Odyssey LE

Players

MotitaTheDog - Winner!

  • Race: Terran Terran
  • League: Diamond
  • Spawn Location: 5:00

Mylasergopew

  • Race: Zerg Zerg
  • League: Diamond
  • Spawn Location: 11:00

VOD

Have the link to the VOD?

Description

Time

  • Played on: Dec. 8, 2017, 1:30 a.m.
  • Length: 26:27
Show
View Real Time Build Order
Export as new Build Order

MotitaTheDog Terran - Winner!

Build Orders: Hellion Opening, Mech 

Get SALT Encoding   

  12  0:01  SCV  
  13  0:13  SCV  
  14  0:18  Supply Depot  
  14  0:25  SCV  
  15  0:30  Refinery  
  15  0:39  SCV  
  16  0:46  Barracks  
  16  0:51  SCV  
  17  1:04  SCV  
  18  1:16  SCV  
  19  1:19  Supply Depot  
  20  1:33  Marine  
  20  1:37  Factory, Orbital Command  
  20  1:43  Supply Depot  
  20  1:51  Barracks Reactor  
  20  2:03  SCV  
  21  2:16  SCV  
  22  2:23  Command Center  
  22  2:33  Hellion  
  22  2:34  Hellion  
  26  2:54  Armory, Hellion  
  26  2:55  Hellion  
  30  3:06  Barracks Tech Lab  
  30  3:09  SCV  
  31  3:13  Refinery  
  31  3:16  Hellion  
  31  3:17  Hellion  
  35  3:20  Supply Depot  
  35  3:25  SCV  
  36  3:31  Factory  
  36  3:38  SCV  
  37  3:50  Hellion x2, SCV  
  42  4:02  Orbital Command  
  42  4:03  Supply Depot, SCV  
  43  4:14  Hellion  
  43  4:15  Refinery  
  45  4:20  Cyclone  
  45  4:23  SCV  
  49  4:28  SCV  
  50  4:35  SCV  
  50  4:38  Terran Vehicle Weapons Level 1  
  49  4:47  SCV  
  49  4:49  Cyclone  
  56  5:00  Cyclone  
  56  5:01  Hellbat  
  56  5:16  SCV x2  
  56  5:21  Hellion x2, Cyclone  
  57  5:22  Hellbat  
  58  5:28  SCV  
  58  5:37  SCV  
  58  5:40  SCV  
  60  5:49  SCV  
  55  5:52  Command Center, SCV  
  55  5:56  Factory, Engineering Bay  
  56  6:01  SCV  
  57  6:12  Thor, Hellbat  
  57  6:13  SCV x2  
  67  6:22  Refinery  
  67  6:23  Supply Depot  
  67  6:25  SCV x2  
  68  6:26  Infernal Pre-Igniter  
  68  6:32  Missile Turret, Terran Vehicle And Ship Armor Level 1  
  69  6:37  SCV  
  70  6:45  SCV  
  71  6:48  Supply Depot  
  71  6:49  SCV  
  72  6:57  SCV  
  70  7:01  SCV  
  71  7:09  SCV  
  71  7:12  Factory Tech Lab  
  71  7:13  SCV  
  71  7:15  Starport  
  73  7:17  Factory  
  73  7:21  SCV  
  74  7:26  Supply Depot, SCV  
  74  7:28  Thor, Hellbat  
  83  7:33  Orbital Command, SCV  
  84  7:38  SCV  
  84  7:42  Missile Turret  
  85  7:45  SCV  
  85  7:49  Supply Depot  
  85  7:50  SCV  
  87  7:53  Armory, Viking  
  87  7:57  SCV  
  90  7:59  SCV  
  90  8:02  SCV  
  92  8:10  SCV  
  92  8:12  Supply Depot  
  93  8:14  Factory Tech Lab  
  93  8:15  Thor, Hellbat  
  93  8:16  SCV  
  93  8:18  SCV  
  103  8:21  Cyclone  
  103  8:22  Hellbat  
  103  8:23  Viking, SCV  
  103  8:25  Refinery  
  111  8:27  Refinery  
  111  8:30  SCV  
  111  8:32  Sensor Tower  
  112  8:40  SCV x2  
  114  8:42  Thor, Hellbat  
  114  8:48  Hellbat  
  124  8:54  SCV  
  125  9:10  Command Center, Starport Reactor  
  125  9:14  Terran Vehicle Weapons Level 2, Supply Depot  
  125  9:15  Hellbat x3  
  131  9:23  Supply Depot, SCV  
  132  9:28  Cyclone x2  
  138  9:32  Terran Vehicle And Ship Armor Level 2  
  138  9:42  Cyclone  
  145  9:46  SCV  
  145  9:47  Command Center  
  145  9:50  Widow Mine x2  
  146  9:53  Missile Turret  
  146  9:54  Missile Turret  
  146  9:56  Liberator  
  146  10:00  Cyclone  
  151  10:18  SCV  
  152  10:23  Starport  
  152  10:55  Thor, Hellbat  
  160  11:00  Smart Servos  
  160  11:01  Building Armor  
  160  11:02  Starport Tech Lab  
  160  11:07  Hellion x3  
  160  11:10  Starport  
  166  11:24  Planetary Fortress  
  166  11:26  Refinery  
  166  11:28  Thor, Refinery, Siege Tank  
  166  11:31  Cyclone  
  150  11:58  Cyclone x2  
  150  12:00  Siege Tank  
  157  12:05  SCV x2  
  159  12:11  Orbital Command, Siege Tank  
  162  12:19  Command Center  
  162  12:22  Hellbat  
  164  12:29  Command Center  
  164  12:30  Siege Tank  
  164  12:31  SCV x2  
  164  12:32  Command Center  
  164  12:33  Siege Tank  
  172  12:42  Missile Turret  
  172  12:43  Missile Turret, Siege Tank  
  175  12:51  Terran Vehicle Weapons Level 3, Terran Vehicle And Ship Armor Level 3  
  175  12:53  Cyclone  
  175  12:54  Hellion  
  175  12:57  Starport Tech Lab  
  180  13:02  Siege Tank  
  183  13:05  Missile Turret  
  183  13:15  Hellion  
  183  13:16  SCV x2  
  183  13:19  Sensor Tower  
  187  13:23  Supply Depot  
  187  13:24  Supply Depot  
  187  13:30  Thor, Cyclone  
  196  13:46  Supply Depot  
  196  13:59  Hi-Sec Auto Tracking  
  196  14:07  Starport  
  196  14:11  Starport  
  196  14:13  Starport  
  196  14:19  SCV  
  158  14:47  Hellion  
  158  14:48  Hellion  
  150  15:02  Starport Tech Lab  
  150  15:03  Starport Tech Lab x2  
  150  15:07  Fusion Core  
  150  15:21  Planetary Fortress  
  150  15:23  Command Center  
  150  15:26  Sensor Tower  
  150  15:32  Sensor Tower  
  147  15:42  Liberator x2  
  138  15:43  Liberator x4  
  138  15:47  SCV  
  138  15:49  SCV  
  117  15:52  Hellion  
  117  15:53  Hellion x4  
  117  15:54  SCV x2  
  125  15:59  SCV  
  125  16:03  Sensor Tower  
  144  16:13  Cyclone  
  144  16:14  Cyclone x2  
  153  16:20  Battlecruiser, Hellion  
  153  16:21  Hellion  
  153  16:25  Liberator  
  163  16:36  Planetary Fortress  
  163  16:40  Refinery  
  163  16:42  Hellion x2  
  163  16:46  Thor, Cyclone  
  179  16:49  Weapon Refit  
  179  16:50  Starport  
  179  17:02  Command Center  
  179  17:08  Thor, Cyclone x2  
  191  17:09  Battlecruiser  
  197  17:28  Thor  
  199  17:51  Terran Ship Weapons Level 1  
  190  18:09  Raven x3  
  196  18:39  SCV x2  
  190  18:46  Battlecruiser x2  
  191  18:52  Raven, Battlecruiser  
  199  18:57  Missile Turret  
  199  19:10  Planetary Fortress  
  199  19:13  Orbital Command  
  199  19:18  Missile Turret  
  196  20:10  Command Center  
  196  20:11  Command Center  
  196  20:19  Refinery x2  
  196  20:25  Corvid Reactor, Advanced Ballistics, Enhanced Munitions  
  196  20:33  Hellbat, Hellion  
  139  21:25  Battlecruiser x3  
  147  21:32  SCV  
  145  21:41  Terran Ship Weapons Level 2  
  145  21:55  Battlecruiser x2  
  145  21:56  Hellion x4  
  145  21:57  Hellion  
  167  22:14  Planetary Fortress  
  167  22:17  Hellion x2  
  167  22:18  Hellion x2  
  167  22:19  Refinery  
  175  22:29  Sensor Tower, Battlecruiser  
  183  22:30  Hellbat  
  183  22:31  Viking x3  
  189  22:38  Thor  
  189  22:39  Hellbat, Hellion  
  198  22:47  Orbital Command  
  199  22:51  Hellion  
  199  22:57  SCV  
  200  23:34  Hellbat x3  
  200  23:38  Siege Tank x2  
  168  23:50  Viking x2  
  168  23:55  Hellbat x2, Siege Tank  
  179  24:01  Orbital Command  
  173  24:06  Battlecruiser x2  
  185  24:10  Hellbat  
  185  24:11  Hellbat  
  185  24:16  Hellbat  
  185  24:17  Hellion  
  193  24:27  Hellion  
  195  24:32  Hellbat  
  197  24:56  Hellbat  
  199  26:22  Missile Turret  
  199  26:25  Missile Turret  
Show
View Real Time Build Order
Export as new Build Order

Mylasergopew Zerg 

Build Orders: Hatch First 

Get SALT Encoding   

  12  0:01  Drone  
  13  0:14  Overlord  
  13  0:16  Drone  
  14  0:27  Extractor  
  13  0:29  Drone  
  13  0:33  Drone  
  16  0:39  Drone  
  17  0:55  Hatchery  
  16  0:58  Drone  
  16  1:01  Drone  
  18  1:12  Extractor  
  18  1:17  Spawning Pool  
  16  1:20  Drone  
  16  1:23  Drone  
  18  1:34  Drone  
  19  2:03  Overlord  
  19  2:04  Queen  
  19  2:08  Zergling x4  
  23  2:10  Queen  
  23  2:11  Drone  
  23  2:13  Metabolic Boost  
  26  2:17  Drone  
  27  2:28  Drone x2  
  29  2:31  Drone  
  30  2:48  Hatchery  
  29  2:55  Drone x2  
  29  2:56  Overlord  
  31  2:59  Drone x2  
  31  3:04  Drone  
  34  3:08  Drone  
  35  3:15  Overlord  
  35  3:17  Drone x2  
  35  3:18  Drone  
  38  3:21  Drone  
  38  3:22  Drone  
  38  3:24  Drone  
  41  3:28  Pneumatized Carapace  
  41  3:35  Queen  
  41  3:38  Drone  
  41  3:39  Drone  
  45  3:46  Overlord  
  45  3:49  Drone x2  
  45  3:51  Drone x2  
  45  3:53  Overlord  
  49  4:00  Queen  
  49  4:01  Drone x2  
  53  4:16  Queen  
  55  4:19  Zergling x16  
  63  4:25  Zergling x2  
  63  4:26  Zergling x4  
  65  4:43  Hatchery  
  53  4:46  Zergling x14  
  57  5:02  Roach Warren  
  49  5:24  Zergling x4  
  49  5:25  Zergling x8  
  38  5:36  Zergling x12  
  42  5:45  Queen x2  
  42  5:49  Drone x2  
  47  5:51  Roach  
  49  6:06  Overlord  
  49  6:09  Queen  
  51  6:16  Hatchery, Drone x5  
  55  6:26  Queen x2  
  59  6:33  Drone x3  
  59  6:34  Drone x4  
  59  6:39  Roach  
  70  6:40  Roach  
  70  6:46  Overlord  
  68  7:01  Roach x3, Zergling x2  
  65  7:04  Overlord x2  
  66  7:09  Roach x2, Zergling x2  
  66  7:10  Zergling x4  
  66  7:14  Lair  
  73  7:17  Extractor  
  73  7:19  Extractor  
  73  7:21  Drone x3  
  74  7:22  Overlord  
  74  7:25  Overlord  
  74  7:30  Extractor  
  73  7:37  Zergling x2  
  73  7:38  Zergling x8  
  73  7:40  Ravager x5  
  73  7:43  Drone x2  
  73  7:44  Drone  
  86  7:46  Drone x3  
  89  8:01  Drone  
  89  8:02  Drone x4  
  89  8:05  Extractor  
  93  8:06  Extractor, Drone x4  
  93  8:07  Drone x3  
  99  8:14  Evolution Chamber  
  99  8:15  Evolution Chamber  
  99  8:17  Roach x2  
  99  8:18  Zergling x2  
  102  8:21  Overseer  
  102  8:28  Queen  
  102  8:30  Drone x4  
  108  8:38  Overlord  
  108  8:42  Zerg Ground Armor Level 1, Zerg Missile Weapons Level 1  
  108  8:43  Glial Reconstitution  
  108  8:47  Burrow  
  108  8:54  Overlord x2  
  108  9:13  Drone x3, Hatchery  
  108  9:14  Drone  
  108  9:15  Roach x6  
  123  9:19  Overlord  
  123  9:20  Overlord  
  123  9:42  Overlord x2  
  123  9:49  Roach, Hydralisk Den  
  123  9:50  Roach x2  
  123  9:52  Overlord x4  
  128  9:53  Overlord x2  
  128  10:01  Tunneling Claws  
  128  10:32  Hydralisk x7, Muscular Augments  
  128  10:33  Hydralisk x8  
  158  10:52  Drone x5  
  158  10:53  Drone x6  
  158  10:54  Drone x3  
  158  10:57  Extractor x2  
  171  10:58  Hydralisk  
  171  10:59  Hydralisk, Spine Crawler  
  172  11:25  Overlord x6  
  172  11:26  Overlord x3  
  163  11:46  Hydralisk  
  163  11:47  Hydralisk x6  
  155  11:48  Roach x3  
  155  11:49  Roach x5  
  153  12:03  Lurker Den  
  153  12:04  Zerg Missile Weapons Level 2, Zerg Ground Armor Level 2  
  152  12:27  Hydralisk x5  
  152  12:28  Zergling x16  
  152  12:29  Zergling x4  
  172  12:35  Infestation Pit, Hatchery  
  170  12:48  Zergling x10  
  170  12:49  Zergling x8  
  179  12:54  Drone x2  
  179  12:55  Baneling Nest  
  180  13:38  Hive  
  180  13:39  Centrifical Hooks  
  180  13:40  Hydralisk x2  
  180  13:41  Hydralisk x6  
  184  13:42  Zergling x6  
  184  13:43  Zergling x2  
  184  13:45  Baneling x15  
  184  13:46  Baneling x23  
  200  14:23  Hatchery  
  199  14:31  Spine Crawler  
  199  14:35  Spine Crawler  
  192  14:43  Hydralisk x10  
  192  14:44  Hydralisk x11  
  171  14:55  Zerg Ground Armor Level 3, Zerg Melee Weapons Level 1  
  171  14:58  Ultralisk Cavern  
  170  15:26  Adrenal Glands  
  170  15:27  Zergling x4  
  170  15:28  Zergling x36  
  112  16:00  Hydralisk x6, Ultralisk x2  
  136  16:22  Chitinous Plating  
  136  16:48  Ultralisk  
  136  16:49  Hydralisk x8, Ultralisk x2  
  136  16:53  Baneling x3  
  136  16:54  Baneling x5  
  170  16:57  Zerg Melee Weapons Level 2  
  170  17:12  Drone x7  
  170  17:13  Drone  
  170  17:14  Hydralisk  
  170  17:15  Hydralisk x3  
  181  17:59  Hatchery  
  181  18:02  Hydralisk x3, Ultralisk x4  
  181  18:03  Hydralisk  
  200  18:31  Spire  
  200  18:32  Spire  
  174  18:42  Hydralisk x14  
  174  18:44  Ultralisk x2  
  159  19:00  Extractor  
  158  19:12  Zerg Missile Weapons Level 3  
  158  19:32  Extractor, Zergling x42  
  158  19:33  Zergling x44  
  196  19:53  Greater Spire, Zerg Flyer Weapons Level 1  
  196  20:19  Baneling x6, Extractor  
  196  20:20  Baneling x30  
  196  20:21  Baneling x20  
  175  21:05  Corruptor x9  
  175  21:07  Corruptor  
  138  21:18  Corruptor  
  138  21:19  Corruptor  
  106  21:50  Corruptor x4  
  106  21:51  Corruptor, Zergling x2  
  106  21:52  Zergling x54  
  106  21:53  Corruptor x3  
  150  21:55  Zergling x8  
  154  22:02  Zerg Flyer Weapons Level 2  
  154  22:06  Hatchery  
  153  22:36  Corruptor  
  153  22:37  Corruptor x5  
  153  22:43  Extractor x2  
  148  23:03  Brood Lord x2  
  148  23:04  Brood Lord  
  154  23:07  Zergling x20  
  154  23:08  Zergling x12  
  170  23:20  Corruptor  
  170  23:21  Corruptor  
  122  23:45  Corruptor x3  
  89  24:10  Corruptor x3  
  89  24:13  Zergling x14  
  89  24:14  Zergling x2  
  103  24:35  Hatchery  
  103  24:36  Extractor  
  103  24:37  Extractor  
  97  24:48  Corruptor x4  
  101  25:17  Ultralisk, Zergling x2  
  103  25:34  Ultralisk  
  109  25:53  Drone x37  
Tags
 
Add a new tag
Caveats
  • Supply blocks, unpowered buildings, or Contaminate may cause inaccurate times.
  • Supply counts are checked every 10 seconds.